 Dungeon Crawl Stone Soup version 0.26-a0-639-g72c4674329 (webtiles) character file.

Game seed: 11247832333358052231

522 DogServant the Shield-Bearer (level 7, 0/56 HPs)
             Began as a Formicid Fighter on Sept 19, 2020.
             Was an Initiate of Cheibriados.
             Killed from afar by a white imp (6 damage)
             ... with a puff of frost
             ... on level 5 of the Dungeon.
             The game lasted 00:09:39 (4831 turns).

DogServant the Shield-Bearer (Formicid Fighter)     Turns: 4831, Time: 00:09:39

Health: 0/56       AC:  8    Str: 24    XL:     7   Next: 46%
Magic:  7/7        EV:  9    Int:  8    God:    Cheibriados [......]
Gold:   35         SH: 10    Dex: 11    Spells: 6/6 levels left

rFire    . . .     SeeInvis +   a - +1 war axe
rCold    . . .     Faith    .   c - +0 kite shield
rNeg     . . .     Spirit   .   b - +0 scale mail
rPois    .         Reflect  .   (helmet unavailable)
rElec    .         Harm     .   l - +0 cloak
rCorr    .         Rampage  .   (no gloves)
MR       .....                  (no boots)
Stlth    ..........             (no amulet)
HPRegen  0.18/turn              (no ring)
MPRegen  0.10/turn              (no ring)

@: very slow
A: permanent stasis, dig shafts and tunnels, four strong arms, antennae 3
a: Dig, Shaft Self, Bend Time, Renounce Religion


You were on level 5 of the Dungeon.
You worshipped Cheibriados.
Cheibriados was noncommittal.
You visited 2 branches of the dungeon, and saw 6 of its levels.

You collected 222 gold pieces.
You spent 187 gold pieces at shops.

Inventory:

Hand Weapons
 a - a +1 war axe (weapon)
Armour
 b - a +0 scale mail (worn)
 c - a +0 kite shield (worn)
 l - a +0 cloak (worn)
Jewellery
 v - an uncursed amulet of reflection {unknown}
Wands
 r - a wand of enslavement (11)
Scrolls
 i - 3 scrolls of teleportation
 j - a scroll of amnesia
 o - 3 scrolls of remove curse
 w - a scroll of identify
Potions
 d - a potion of might
 e - a potion of invisibility
 f - a potion of flight {unknown}
 g - a potion of brilliance
 h - a potion of mutation
 k - 3 potions of curing
 m - a potion of berserk rage
 n - 2 potions of heal wounds
 p - 2 potions of degeneration {unknown}
 q - 2 potions of stabbing {unknown}
 s - a potion of haste {unknown}
 t - 2 potions of magic {unknown}
 u - 2 potions of lignification


   Skills:
 + Level 5.5 Fighting
 + Level 4.5 Axes
 - Level 3.6 Armour
 + Level 6.2 Shields
 + Level 0.0 Invocations


You had 6 spell levels left.
You didn't know any spells.
Your spell library was empty.

Dungeon Overview and Level Annotations

Branches:
Dungeon (5/15)             Temple (1/1) D:4

Altars:
Ashenzari
Cheibriados
Dithmenos
Elyvilon
Fedhas
Gozag
Hepliaklqana
Kikubaaqudgha
Nemelex Xobeh
Okawaru
Qazlal
Sif Muna
Trog
Uskayaw
Yredelemnul
Zin
The Shining One

Shops:
D:4 !


Innate Abilities, Weirdness & Mutations

You cannot be hasted, slowed, berserked, paralysed or teleported.
You can dig through walls and to a lower floor.
Your four strong arms can wield two-handed weapons with a shield.
You have a pair of large antennae on your head. (SInv)


Message History

The white imp freezes you.
You are too injured to fight recklessly!
You are too injured to fight recklessly!
You are too injured to fight recklessly!
You are too injured to fight recklessly!
Unknown command.
You closely miss the white imp.
The white imp is almost dead.
The centaur shoots an arrow.
You block the arrow. The white imp hits you. The white imp freezes you.
The centaur shoots an arrow.
You block the arrow.
The centaur shoots an arrow.
The arrow hits you.
* * * LOW HITPOINT WARNING * * *
The white imp gestures at you. The puff of frost hits you!
* * * LOW HITPOINT WARNING * * *
The centaur shoots an arrow.
The arrow closely misses you.
You see here 3 arrows.
The white imp gestures at you. The puff of frost hits you.
You die...

{ .. .# #.#.# ### #.#.#
...#.#<#### ## #
#.#.#.#.. .# . ...#.#.#
## .#.#### #.#.#.# ..
'#..... #.(...#.#####
..############5.@.......
..##.........#(.##.#####
..##.........#........#
..##.........#.###{##.#
...+.........'.# c. ..
####.>.......### .. #
...+...........# .
####.............
##.......#######.


You could see a white imp.

Vanquished Creatures
  A phantom (D:4)
  An ogre (D:4)
  A scorpion (D:4)
  An orc priest (D:4)
  An iguana (D:4)
  A worker ant zombie (D:4)
  A howler monkey skeleton (D:4)
  3 gnolls (D:3)
  3 river rats (D:3)
  7 adders
  A white imp (D:3)
  2 oozes
  2 worms
  A dart slug (D:2)
  3 leopard geckos
  5 orcs
  9 bats
  5 giant cockroaches
  4 goblins (D:3)
  6 hobgoblins
  8 jackals (D:2)
  6 kobolds
  7 frilled lizards
  2 quokka skeletons
  5 rats
86 creatures vanquished.

Notes
Turn   | Place    | Note
-------+----------+-------------------------------------------
     0 | D:1      | DogServant the Formicid Fighter began the quest for the
                  | Orb.
     0 | D:1      | Reached XP level 1. HP: 18/18 MP: 1/1
    88 | D:1      | Reached XP level 2. HP: 24/24 MP: 2/2
   418 | D:1      | Reached skill level 4 in Shields
   420 | D:1      | Reached XP level 3. HP: 29/29 MP: 3/3
  1648 | D:3      | Reached XP level 4. HP: 33/37 MP: 4/4
  1985 | D:3      | Reached XP level 5. HP: 42/42 MP: 5/5
  2284 | D:3      | Reached skill level 5 in Shields
  2760 | D:4      | Noticed an ogre
  2775 | D:4      | Killed an ogre
  2775 | D:4      | Reached XP level 6. HP: 6/50 MP: 6/6
  3365 | D:4      | Found Nosuw Puosa's Distillery.
  3385 | D:4      | Found a staircase to the Ecumenical Temple.
  3433 | Temple   | Entered the Ecumenical Temple
  3764 | Temple   | Became a worshipper of Cheibriados the Contemplative
  3960 | D:4      | Reached skill level 5 in Fighting
  4087 | D:4      | Reached XP level 7. HP: 45/56 MP: 7/7
  4548 | D:4      | Reached skill level 6 in Shields
  4610 | D:4      | Reached * piety under Cheibriados
  4764 | D:4      | Bought a potion of lignification for 33 gold pieces
  4764 | D:4      | Bought a potion of heal wounds for 55 gold pieces
  4764 | D:4      | Bought 2 potions of curing for 66 gold pieces
  4764 | D:4      | Bought a potion of lignification for 33 gold pieces
  4771 | D:5      | Entered Level 5 of the Dungeon
  4831 | D:5      | Killed from afar by a white imp

Illustrated notes

Levels and vault maps discovered:
D:1:      dpeg_arrival_shelter, layout_basic
D:2:      layout_basic
D:3:      layout_loops_ring, portal_sewer_entry_b, kennysheep_generic_room_5
D:4:      layout_loops_ring, minmay_temple_entry_stoned_glass, serial_shops,
          nicolae_shop_crystal
D:5:      layout_basic, minivault_19, palyth_stone_intersect, uniq_ijyb,
          uniq_grinder, uniq_eustachio
Temple:   minmay_temple_bridge_d

Skill      XL: |  1  2  3  4  5  6  7 |
---------------+----------------------+-----
Shields        | 4 5 6 |  6.2
Fighting       | 4 5 |  5.5
Axes           | 3 4 |  4.5
Armour         | |  3.6

Action                   |  1- 3 |  4- 6 |  7- 9 || total
-------------------------+-------+-------+-------++-------
Melee: War axe           |    95 |   146 |    48 ||   289
  Use: Scroll            |     9 |     4 |       ||    13
       Potion            |       |     1 |       ||     1
Armor: Scale mail        |    75 |    36 |    13 ||   124
Dodge: Dodged            |    51 |    46 |    11 ||   108
Block: Kite shield       |    72 |    85 |    28 ||   185

Table legend: (Time is in decaauts)
 A = Elapsed time spent in this place.
 B = Non-inter-level travel time spent in this place.
 C = Inter-level travel time spent in this place.
 D = Time resting spent in this place.
 E = Time spent auto-exploring this place.
 F = Levels seen in this place.
 G = Mean time per level.
                   A        B        C        D        E       F      G
               +--------+--------+--------+--------+--------+-----+--------+
         Total |   5140 |   4745 |    395 |    801 |   3077 |   6 |  856.7 |
       Dungeon |   4718 |   4490 |    228 |    801 |   2855 |   5 |  943.6 |
        Temple |    422 |    256 |    166 |      0 |    222 |   1 |  422.0 |
               +--------+--------+--------+--------+--------+-----+--------+

Top non-repeatable levels by time:
     D:4: 1821 daAuts
     D:3: 1153 daAuts
     D:2: 984 daAuts
     D:1: 681 daAuts
  Temple: 422 daAuts
     D:5: 77 daAuts
